 Dungeon Crawl Stone Soup version 0.27.0-1-g7a089689b8 (webtiles) character file.

Game seed: 10647248889413821491

1605 rogsnak the Magician (level 9, 0/59 HPs)
             Began as a Djinni Fire Elementalist on Aug 17, 2021.
             Was an Initiate of Makhleb.
             Slain by a hornet zombie (1 damage)
             ... on level 7 of the Dungeon.
             The game lasted 00:10:30 (7791 turns).

rogsnak the Magician (Djinni Fire Elementalist)     Turns: 7791, Time: 00:10:31

Health: 0/59       AC:  2    Str:  7    XL:     9   Next: 16%
Gold:   376        EV: 13    Int: 21    God:    Makhleb [......] SH:  0 Dex: 13

rFire    + + .     SeeInvis .   x - +4 short sword (freeze)
rCold    x . .     Faith    .   (no shield)
rNeg     . . .     Spirit   .   a - +0 robe
rPois    ∞         Reflect  .   (no helmet)
rElec    .         Harm     .   (no cloak)
rCorr    .         Rampage  .   (no gloves)
Will     +....                  (boots unavailable)
Stlth    ++........             (no amulet)
HPRegen  0.19/turn              w - ring of willpower
MPRegen  0.00/turn              (no ring)

@: flying
A: sickness immunity, fire resistance 2, cold vulnerability 1, float, innate
caster, hp casting, extra vitality 1
a: Renounce Religion


You were on level 7 of the Dungeon.
You worshipped Makhleb.
Makhleb was noncommittal.
You visited 2 branches of the dungeon, and saw 8 of its levels.

You collected 376 gold pieces.

Inventory:

Hand Weapons
 g - a +0 club
 m - a +0 trident
 n - a +0 long sword
 q - a +2 whip of holy wrath
 x - a +4 short sword of freezing (weapon)
 y - a +2 rapier of protection
Missiles
 c - 17 poisoned darts
 d - 39 bolts
 o - 203 stones
 z - 5 boomerangs
Armour
 a - a +0 robe (worn)
 h - a +0 kite shield
Jewellery
 w - a ring of willpower (left hand)
Wands
 A - a wand of polymorph (17)
Scrolls
 f - a scroll of fog
 i - a scroll of amnesia {unknown}
 k - 3 scrolls of teleportation {unknown}
 l - 4 scrolls of identify {unknown}
 p - a scroll of holy word {unknown}
 r - a scroll of magic mapping {unknown}
 t - a scroll of enchant weapon {unknown}
 u - a scroll of fear {unknown}
 v - a scroll of enchant armour {unknown}
 D - a scroll of immolation {unknown}
 E - a scroll of blinking {unknown}
Potions
 b - a potion of heal wounds
 e - a potion of might {unknown}
 j - a potion of haste {unknown}
 s - a potion of lignification {unknown}
 B - a potion of curing {unknown}
 C - a potion of ambrosia {unknown}


   Skills:
 + Level 2.8 Fighting
 + Level 4.5 Dodging
 - Level 2.0 Stealth
 + Level 7.9 Spellcasting


You couldn't memorise any spells.
You knew the following spells:

 Your Spells              Type           Power      Damage    Failure   Level
a - Foxfire               Conj/Fire      100%       2x1d9     1%          1
b - Conjure Flame         Conj/Fire      41%        6-21      1%          3
c - Inner Flame           Hex/Fire       41%        N/A       1%          3
d - Sticky Flame          Conj/Fire      41%        2d6       3%          4
e - Fireball              Conj/Fire      20%        3d10      9%          5
f - Corona                Hex            45%        N/A       1%          1
g - Corpse Rot            Necr/Air       N/A        N/A       1%          2
h - Static Discharge      Conj/Air       41%        N/A       1%          2
i - Stone Arrow           Conj/Erth      82%        3d12      1%          3
Your spell library was empty.

Dungeon Overview and Level Annotations

Branches:
Dungeon (7/15)             Temple (1/1) D:5

Altars:
Ashenzari
Cheibriados
Dithmenos
Elyvilon
Fedhas
Gozag
Hepliaklqana
Kikubaaqudgha
Makhleb
Nemelex Xobeh
Okawaru
Qazlal
Ru
Sif Muna
Trog
Uskayaw
Wu Jian
Xom
Yredelemnul
Zin
The Shining One

Shops:
D:1 ![

Annotations:
D:7 Joseph


Innate Abilities, Weirdness & Mutations

You are immune to sickness and miasma.
You are immune to poison.
Your flesh is very heat resistant. (rF++)
You are vulnerable to cold. (rC-)
You float through the air rather than walking.
You learn spells naturally, not from books.
Your magical power is your life essence.
You have superior vitality. (+4 HP)


Message History

Press: ? - help, Shift-Dir - straight line, f/p - Joseph
Aim: Joseph, wielding a +0 hunting sling, wearing a +0 leather armour and quivering sling bullets (moderately wounded, will become a boggart, a warg, or a swamp drake, chance to affect: 28%) Joseph easily resists.
Joseph shoots a sling bullet.
The sling bullet hits you.
* * * LOW HITPOINT WARNING * * *
Aiming: Polymorph
Press: ? - help, Shift-Dir - straight line, f/p - Joseph
Aim: Joseph, wielding a +0 hunting sling, wearing a +0 leather armour and quivering sling bullets (moderately wounded, will become a boggart, a warg, or a swamp drake, chance to affect: 28%) Joseph easily resists.
Joseph shoots a sling bullet.
The sling bullet hits you!
* * * LOW HITPOINT WARNING * * *
Aiming: Polymorph
Press: ? - help, Shift-Dir - straight line, f/p - Joseph
Aim: Joseph, wielding a +0 hunting sling, wearing a +0 leather armour and quivering sling bullets (moderately wounded, will become a boggart, a warg, or a swamp drake, chance to affect: 28%) Joseph evaporates and reforms as a swamp drake!
A hornet zombie comes into view.
Okay, then.
As you read the scroll labelled GEQAGO NAAS, it crumbles to dust.
The scroll dissolves into smoke.
It was a scroll of fog.
Unknown command.
It was a potion of heal wounds.
You feel much better. Joseph bites you!
* * * LOW HITPOINT WARNING * * *
The hornet zombie closely misses you.
Your magical contamination has completely faded away.
Unknown command.
Casting: Fireball (quite dangerous; 9% risk of failure)
Confirm with . or Enter, or press ? or * to list all spells.
Aiming: Sticky Flame (dangerous; 3% risk of failure)
Press: ? - help, Shift-Dir - straight line, f/p - Joseph
Aim: Joseph the swamp drake (black smoke, 100% to hit)
The sticky flame hits Joseph!
Joseph is moderately wounded.
Joseph is covered in liquid flames!
* * * LOW HITPOINT WARNING * * *
Joseph burns!
The hornet zombie barely misses you. Joseph barely misses you.
You hit Joseph. You freeze Joseph.
Joseph is severely wounded.
Joseph burns!
The hornet zombie hits you.
* * * LOW HITPOINT WARNING * * *
Joseph breathes poison at you. The noxious blast misses you.
The hornet zombie hits you.
You die...

#.###### #.##....
#.##.### ### #.##.(..
..# #.###### #@#
#†###... #.# #.......
..########)#########.##
..Z§§Z@k§§.............
...#######†#########.##
#.......# #.#<
#.....#.# #.##
#######.# #... # ####


You could see Joseph the swamp drake (burning, catching breath) and a hornet
zombie.

Vanquished Creatures
  An unseen horror (D:6)
  A water moccasin (D:4)
  An orc warrior (D:6)
  An ogre (D:2)
  A phantom (D:5)
  2 centaurs (D:6)
  4 bullfrogs
  2 scorpions
  A water moccasin skeleton (D:5)
  A bullfrog zombie (D:6)
  2 hounds
  An orc priest (D:6)
  An orc wizard (D:5)
  A scorpion zombie (D:5)
  2 hound skeletons (D:4)
  2 howler monkey zombies
  A howler monkey skeleton (D:5)
  10 adders
  A shadow imp (D:6)
  2 worms
  2 dart slugs (D:1)
  12 orcs
  3 endoplasms
  4 giant cockroaches
  6 goblins
  6 hobgoblins
  8 jackals
  2 quokkas
  A ball python (D:1)
  5 bats
  3 frilled lizards
  4 kobolds
  5 rats
  A butterfly (D:5)
100 creatures vanquished.

Vanquished Creatures (others)
  364 foxfires
364 creatures vanquished.

Grand Total: 464 creatures vanquished

Notes
Turn   | Place    | Note
-------+----------+-------------------------------------------
     0 | D:1      | rogsnak the Djinni Fire Elementalist began the quest for
                  | the Orb.
     0 | D:1      | Reached XP level 1. HP: 15/15 MP: 0/0
    10 | D:1      | Found Taqua's Armour Shoppe.
   308 | D:1      | Found Tisehaff's Distillery.
   346 | D:1      | Reached XP level 2. HP: 17/21 MP: 0/0
  1028 | D:1      | Reached XP level 3. HP: 20/25 MP: 0/0
  1028 | D:1      | Learned a level 1 spell: Corona
  1033 | D:1      | Reached skill level 3 in Spellcasting
  1890 | D:2      | Reached XP level 4. HP: 27/31 MP: 0/0
  2320 | D:2      | Noticed an ogre
  2327 | D:2      | Killed an ogre
  2328 | D:2      | Reached skill level 4 in Spellcasting
  2328 | D:2      | Reached XP level 5. HP: 30/36 MP: 0/0
  2328 | D:2      | Learned a level 2 spell: Corpse Rot
  2427 | D:2      | Found a faded altar of an unknown god.
  2828 | D:2      | Reached XP level 6. HP: 40/41 MP: 0/0
  4083 | D:4      | Found an ornate altar of the Wu Jian Council.
  4436 | D:4      | Found an ornate altar of the Wu Jian Council.
  4436 | D:4      | Noticed a water moccasin
  4441 | D:4      | Killed a water moccasin
  4442 | D:4      | Reached skill level 1 in Fighting
  4442 | D:4      | Reached skill level 5 in Spellcasting
  4458 | D:4      | Reached XP level 7. HP: 31/47 MP: 0/0
  4458 | D:4      | Learned a level 2 spell: Static Discharge
  4840 | D:5      | Entered Level 5 of the Dungeon
  5079 | D:5      | Reached skill level 6 in Spellcasting
  5131 | D:5      | Found a staircase to the Ecumenical Temple.
  5138 | Temple   | Entered the Ecumenical Temple
  5261 | Temple   | Became a worshipper of Makhleb the Destroyer
  6191 | D:6      | Reached XP level 8. HP: 46/52 MP: 0/0
  6913 | D:6      | Reached skill level 7 in Spellcasting
  7056 | D:6      | Noticed an unseen horror
  7058 | D:6      | Killed an unseen horror
  7059 | D:6      | Reached XP level 9. HP: 37/59 MP: 0/0
  7059 | D:6      | Learned a level 3 spell: Stone Arrow
  7774 | D:7      | Noticed Joseph
  7784 | D:7      | HP: 2/59 [Joseph/sling bullet (10)]
  7785 | D:7      | Noticed Joseph
  7785 | D:7      | Joseph changed into Joseph the swamp drake
  7791 | D:7      | HP: 1/59 [hornet zombie (5)]
  7791 | D:7      | Slain by a hornet zombie

Illustrated notes

Levels and vault maps discovered:
D:1:      tarquinn_simple_flora_water_f, layout_basic, serial_shops,
          nicolae_square_shop, shop_fountains, serial_glass, glass_columns_a,
          glass_columns_a, glass_columns_b, dk_noncrumbling_3,
          kennysheep_decorative_pillar
D:2:      layout_basic, hellmonk_ecumenical_altar_zigzags
D:3:      layout_loops_cross
D:4:      layout_loops_ring, nicolae_wu_jian_wuxing_cycle, kennysheep_diamond
D:5:      layout_basic, minmay_temple_entry_butterflies
D:6:      layout_basic
D:7:      layout_basic, uniq_joseph
Temple:   regret_index_temple_chain_breaker

Skill      XL: |  1  2  3  4  5  6  7  8 |
---------------+-------------------------+-----
Spellcasting   | 3 4 5 6 7 |  7.9
Stealth        | 2 |  2.0
Dodging        | 3 4 |  4.5
Fighting       | 1 2 |  2.8

Action                   |  1- 3 |  4- 6 |  7- 9 || total
-------------------------+-------+-------+-------++-------
Melee: Unarmed           |    17 |       |       ||    17
       Club              |     3 |       |       ||     3
       Long sword        |       |     1 |       ||     1
       Whip              |       |    15 |    45 ||    60
       Short sword       |       |       |    14 ||    14
 Cast: Foxfire           |    60 |   101 |    65 ||   226
       Sticky Flame      |       |       |    11 ||    11
       Corpse Rot        |       |       |     4 ||     4
       Fireball          |       |       |     2 ||     2
Evoke: Wand              |       |       |     3 ||     3
  Use: Scroll            |       |       |     1 ||     1
       Potion            |       |       |     1 ||     1
Armor: Robe              |     4 |     1 |    11 ||    16
Dodge: Dodged            |    19 |    15 |    64 ||    98
       Rpst.: Long sword |       |     1 |       ||     1
